 Dungeon Crawl Stone Soup version 0.25-a0-661-g55ea3d2053 (webtiles) character file.

Game seed: 2306237955756422168, levelgen mode: deterministic

8029 ipx the Basher (level 11, -18/67 HPs)
             Began as a Gargoyle Arcane Marksman on Mar 23, 2020.
             Was a Believer of Ashenzari.
             Hit by a javelin thrown by a minotaur (28 damage)
             ... in a Gauntlet.
             The game lasted 01:00:40 (3484 turns).

ipx the Basher (Gargoyle Arcane Marksman)           Turns: 3484, Time: 01:00:40

Health: -18/67     AC: 18    Str: 22    XL:     11   Next: 24%
Magic:  0/33       EV: 15    Int: 21    God:    Ashenzari [**....]
Gold:   138        SH:  5    Dex: 16    Spells: 9/12 levels left

rFire    . . .     SeeInvis .   a - +0 morningstar (curse)
rCold    . . .     Gourm    .   g - +0 buckler "Upri" {+Inv MP+9} (curse)
rNeg     + . .     Faith    .   i - +0 troll leather armour
rPois    ∞         Spirit   +   k - +1 helmet (curse)
rElec    +         Reflect  .   l - +0 cloak (curse)
rCorr    .         Harm     .   (no gloves)
MR       .....     NoTele   +   n - +2 pair of boots
Stlth    +.........             b - amulet of guardian spirit
HPRegen  0.61/turn              q - ring of Internal Strife {MP+9 Str+6 Int+7}
MPRegen  0.23/turn              D - +5 ring of dexterity (curse)

@: contaminated, glowing
A: negative energy resistance 1, electricity resistance, unbreathing,
petrification resistance, rot immunity, AC +8
a: Curse Item, Scrying, Renounce Religion, Evoke Invisibility


You were in a Gauntlet.
You worshipped Ashenzari.
Ashenzari was pleased with you.
You were not hungry.

You visited 2 branches of the dungeon, and saw 13 of its levels.
You also visited: Gauntlet.

You collected 313 gold pieces.
You spent 175 gold pieces at shops.

Inventory:

Hand Weapons
 a - a cursed +0 morningstar (weapon)
Missiles
 m - 3 boomerangs
 v - 28 poisoned darts
 A - 8 javelins (quivered)
Armour
 d - a +1 ring mail of magic resistance
 g - the cursed +0 buckler "Upri" (worn) {+Inv MP+9}
   (You found it on level 5 of the Dungeon)

   It affects your magic capacity (+9).
   It lets you turn invisible.
   It has a curse placed upon it.
 i - a +0 troll leather armour (worn)
 k - a cursed +1 helmet (worn)
 l - a cursed +0 cloak (worn)
 n - a +2 pair of boots (worn)
Jewellery
 b - an amulet of guardian spirit (around neck)
 e - an uncursed ring of positive energy
 q - the ring of Internal Strife (left hand) {MP+9 Str+6 Int+7}
   (You found it in a Gauntlet)

   [ring of magical power]

   It affects your strength (+6).
   It affects your intelligence (+7).
   It affects your magic capacity (+9).
 y - a +2 amulet of reflection
 D - a cursed +5 ring of dexterity (right hand)
 S - an uncursed ring of stealth
Wands
 j - a wand of flame (7)
 t - a wand of polymorph (10)
 x - a wand of scattershot (6)
Scrolls
 c - 3 scrolls of enchant weapon
 h - a scroll of enchant armour
 r - a scroll of immolation {unknown}
 s - a scroll of fear {unknown}
 w - a scroll of teleportation
 B - 2 scrolls of fog {unknown}
 G - a scroll of blinking {unknown}
Potions
 o - a potion of brilliance
 p - a potion of might {unknown}
Comestibles
 f - 18 rations


   Skills:
 - Level 7.0 Fighting
 * Level 11.2(13.2) Maces & Flails
 - Level 4.0 Throwing
 + Level 5.2 Dodging
 - Level 4.0(5.3) Shields
 - Level 1.0 Spellcasting
 - Level 4.0 Hexes
 - Level 6.0 Evocations


You had 9 spell levels left.
You knew the following spells:

 Your Spells              Type           Power        Failure   Level  Hunger
c - Corona                Hex            ###....      3%          1    ##.....
s - Slow                  Hex            ###.....     5%          2    ###....

Your spell library contained the following spells:

 Spells                   Type           Power        Failure   Level  Hunger
 Freeze                   Ice            #...         19%         1    ##.....
 Inner Flame              Hex/Fire       #.......     24%         3    ####...
 Portal Projectile        Hex/Tloc       #.....       24%         3    ####...
 Cause Fear               Hex            ###.......   34%         4    #####..
 Frozen Ramparts          Ice            #.....       50%         3    ####...
 Ozocubu's Armour         Chrm/Ice       #.......     50%         3    ####...
 Leda's Liquefaction      Hex/Erth       #.........   63%         4    #####..
 Hailstorm                Conj/Ice       #.......     88%         4    #####..
 Summon Ice Beast         Ice/Summ       #.......     88%         4    #####..


Dungeon Overview and Level Annotations

Branches:
Dungeon (12/15)            Temple (1/1) D:4            Lair (0/6) D:10
    Orc (0/2) D:9         Gauntlet (1/1)

Altars:
Ashenzari
Cheibriados
Dithmenos
Elyvilon
Fedhas
Gozag
Hepliaklqana
Kikubaaqudgha
Makhleb
Nemelex Xobeh
Okawaru
Qazlal
Ru
Sif Muna
Trog
Uskayaw
Vehumet
Wu Jian
Xom
Yredelemnul
Zin
The Shining One
Beogh

Shops:
D:7 [%%

Annotations:
D:2 Natasha
D:8 1 transporter Gauntlet 6 transporters


Innate Abilities, Weirdness & Mutations

You are resistant to torment.
Your stone body is resilient. (AC +8)
You are immune to poison.
You resist negative energy. (rN+)
You are resistant to electric shocks. (rElec)
You can survive without breathing.
You are immune to petrification.
You are immune to rotting.


Message History

Press: ? - help, Shift-Dir - straight line, f/p - minotaur
Aim: a minotaur, wielding a staff of summoning, wearing a +0 plate armour and quivering 8 javelins (heavily wounded, very poisoned, chance to defeat MR: 6%)
Okay, then.
Unknown command.
Okay, then.
Unknown command.
Unknown command.
You flicker for a moment.
The minotaur throws a javelin.
The javelin misses you.
You flicker back into view.
The minotaur throws a javelin.
The javelin pierces through you but does no damage.
You see here a javelin.
Press: ? - help, v - describe, . - travel
Here: a minotaur, wielding a staff of summoning, wearing a +0 plate armour and quivering 6 javelins (severely wounded, poisoned)
The floor.
The minotaur throws a javelin.
The javelin pierces through you!!
* * * LOW HITPOINT WARNING * * *
The minotaur throws a javelin.
The javelin pierces through you!!
You die...

, , , * , ≈ .#*..,!#..######
.##. =#..≈##..######
..©###©#..###..##...#
...###J#..≈##..##.#.#
.#.###u#..###..(@.#.# ,#
......G#..#(..(##.#.# '##
########..#©...##...#* (⌠.#
........∩.#...(##.#.##∩(..#
*
..........#.......#.'.(..⌠+
########..#©...##.#(##.⌠..#*
....#..#..#....##.H.# *+###
...#...#..###..##.#.#
...#...#..§##.....#.# **


You could see a minotaur.

Vanquished Creatures
  A blizzard demon (Gauntlet)
  Erica (D:9)
  A two-headed ogre (D:9)
  An unseen horror (D:10)
  Joseph (D:7)
  An eye of devastation (Gauntlet)
  An ice devil (Gauntlet)
  A troll (D:11)
  A hippogriff (D:11)
  3 wyverns
  2 golden eyes (Gauntlet)
  Grum (D:8)
  Menkaure (D:5)
  A water moccasin (D:7)
  4 orc warriors
  A sky beast (D:9)
  2 ice beasts
  A phantom (D:6)
  4 wolves
  5 ogres
  2 centaurs
  A big kobold (D:10)
  3 bullfrogs
  A scorpion (D:9)
  A water moccasin skeleton (D:10)
  3 wights (D:9)
  5 crimson imps
  A bullfrog zombie (D:5)
  A quasit (D:9)
  A centaur zombie (D:8)
  4 orc priests
  3 jellies
  2 bullfrog skeletons
  3 hounds
  A centaur skeleton (D:8)
  An iguana (D:6)
  6 orc wizards
  3 worker ants (D:5)
  A hound skeleton (D:7)
  A worker ant zombie (D:7)
  7 adders
  A white imp (Gauntlet)
  2 adder skeletons (D:5)
  A worm (D:3)
  A dart slug (D:3)
  3 leopard geckos
  14 orcs
  2 bats
  A giant cockroach (D:5)
  3 goblins
  2 hobgoblins
  A jackal (D:9)
  A kobold (D:2)
  4 quokkas
  A frilled lizard (D:2)
  2 rats (D:1)
124 creatures vanquished.

Vanquished Creatures (others)
  A jelly (Gauntlet)
  A white imp (Gauntlet)
  A plant (D:10)
3 creatures vanquished.

Grand Total: 127 creatures vanquished

Notes
Turn   | Place    | Note
-------+----------+-------------------------------------------
     0 | D:1      | ipx the Gargoyle Arcane Marksman began the quest for the
                  | Orb.
     0 | D:1      | Reached XP level 1. HP: 12/12 MP: 2/2
    81 | D:1      | You fall into a shaft and drop 1 floor!
   123 | D:2      | Reached XP level 2. HP: 9/16 MP: 0/3
   127 | D:2      | Learned a level 2 spell: Slow
   182 | D:1      | Found a shattered altar of Ashenzari.
   251 | D:2      | Reached XP level 3. HP: 4/20 MP: 1/4
   523 | D:3      | Found an ornate altar of the Wu Jian Council.
   557 | D:2      | Noticed Natasha
   589 | D:4      | Found a stormy altar of Qazlal.
   591 | D:4      | Noticed an ogre
   600 | D:4      | Killed an ogre
   600 | D:4      | Reached XP level 4. HP: 13/25 MP: 5/5
   600 | D:4      | Reached XP level 5. HP: 16/29 MP: 6/6
   803 | D:4      | Reached skill level 1 in Evocations
   831 | D:5      | Entered Level 5 of the Dungeon
   836 | D:5      | Got a dazzling buckler
   837 | D:5      | Reached XP level 6. HP: 35/35 MP: 7/7
   865 | D:5      | Identified the +0 buckler "Upri" {+Inv MP+9} (You found it
                  | on level 5 of the Dungeon)
  1018 | D:5      | Reached skill level 1 in Maces & Flails
  1018 | D:5      | Reached skill level 1 in Shields
  1023 | D:5      | Reached XP level 7. HP: 37/41 MP: 8/8
  1052 | D:4      | Found a staircase to the Ecumenical Temple.
  1067 | Temple   | Entered the Ecumenical Temple
  1106 | Temple   | Became a worshipper of Ashenzari the Shackled
  1177 | D:5      | Found a glowing golden altar of the Shining One.
  1192 | D:5      | Reached skill level 2 in Maces & Flails
  1206 | D:5      | Reached skill level 3 in Maces & Flails
  1247 | D:5      | Noticed Menkaure
  1258 | D:5      | Killed Menkaure
  1258 | D:5      | Reached XP level 8. HP: 15/48 MP: 10/10
  1373 | D:6      | Reached skill level 4 in Maces & Flails
  1379 | D:6      | Found a sacrificial altar of Ru.
  1451 | D:7      | Noticed Joseph
  1470 | D:7      | Killed Joseph
  1470 | D:7      | Reached skill level 5 in Maces & Flails
  1486 | D:7      | Found Sitath's Food Emporium.
  1493 | D:7      | Found Ygoevel's Antique Armour Emporium.
  1494 | D:7      | Found Ycsuh's Food Emporium.
  1518 | D:8      | Noticed Grum
  1533 | D:7      | Reached skill level 5 in Fighting
  1554 | D:7      | Reached XP level 9. HP: 27/54 MP: 12/12
  1611 | D:7      | Reached skill level 6 in Maces & Flails
  1888 | D:8      | Identified the +5 spear of Remagerph {venom, MR+ Str+2}
  1888 | D:8      | Identified the +4 ring mail of Ojimmi {+Blink rN+}
  1888 | D:8      | Identified the +2 buckler "Zevomymm" {+Fly Dex+4}
  1943 | D:8      | Killed Grum
  1953 | D:8      | Reached skill level 7 in Maces & Flails
  1959 | D:8      | Reached skill level 5 in Evocations
  2026 | D:7      | Bought a shiny ring mail for 175 gold pieces
  2042 | D:8      | Found a transporter.
  2049 | D:8      | Identified the ring of Starshine {rF- Str+5 Int+3 Dex+3}
  2124 | D:9      | Reached * piety under Ashenzari
  2300 | D:9      | Noticed Erica
  2324 | D:9      | Killed Erica
  2324 | D:9      | Reached skill level 8 in Maces & Flails
  2324 | D:9      | Reached XP level 10. HP: 36/63 MP: 14/14
  2374 | D:9      | Found a blossoming altar of Fedhas.
  2390 | D:9      | Noticed a two-headed ogre
  2403 | D:9      | Killed a two-headed ogre
  2425 | D:9      | Found a staircase to the Orcish Mines.
  2451 | D:9      | Found a roughly hewn altar of Beogh.
  2504 | D:9      | Reached skill level 9 in Maces & Flails
  2684 | D:10     | Entered Level 10 of the Dungeon
  2742 | D:10     | Noticed an unseen horror
  2748 | D:10     | Killed an unseen horror
  2899 | D:10     | Reached skill level 10 in Maces & Flails
  2916 | D:10     | Found a staircase to the Lair.
  2932 | D:11     | Reached ** piety under Ashenzari
  3092 | D:12     | Found a gate leading to a gauntlet.
  3096 | D:12     | Upgraded the game from 0.25-a0-657-ge95d391c20 to
                  | 0.25-a0-661-g55ea3d2053
  3103 | Gauntlet | Entered a Gauntlet
  3103 | Gauntlet | Found a transporter.
  3103 | Gauntlet | Found a transporter.
  3103 | Gauntlet | Found a transporter.
  3103 | Gauntlet | Noticed a moth of wrath
  3104 | Gauntlet | Found a transporter.
  3105 | Gauntlet | Identified the ring of Plog {rPois MP+9}
  3105 | Gauntlet | Found a transporter.
  3108 | Gauntlet | Found a transporter.
  3115 | Gauntlet | Found a transporter.
  3115 | Gauntlet | Noticed an eye of devastation
  3116 | Gauntlet | Found a transporter.
  3119 | Gauntlet | Found a transporter.
  3119 | Gauntlet | Found a transporter.
  3121 | Gauntlet | Noticed a red ugly thing
  3124 | Gauntlet | Noticed a great orb of eyes
  3128 | Gauntlet | Identified the ring of Internal Strife {MP+9 Str+6 Int+7}
  3129 | Gauntlet | Found a transporter.
  3130 | Gauntlet | Noticed a blizzard demon
  3132 | Gauntlet | Found a transporter.
  3134 | Gauntlet | Identified the ring of the Blind Eye {Ice MR++}
  3184 | Gauntlet | Reached XP level 11. HP: 64/67 MP: 15/15
  3318 | Gauntlet | Reached skill level 5 in Dodging
  3334 | Gauntlet | Killed a blizzard demon
  3334 | Gauntlet | Reached skill level 11 in Maces & Flails
  3429 | Gauntlet | Noticed a minotaur
  3484 | Gauntlet | Hit by a javelin thrown by a minotaur

Levels and vault maps discovered:
D:1:      evilmike_arrival_crescent, layout_basic, nicolae_ashenzari_panopticon
D:2:      layout_loops_cross, minmay_pentomino_r2, uniq_natasha
D:3:      layout_loops_ring, lemuel_crystal_altar
D:4:      layout_loops_ring, minmay_temple_entry_mist, first_ration,
          serial_bayou_ford_a, minivault_5, nicolae_qazlal_general_emergency
D:5:      minmay_general_purpose_star, layout_rooms, basic_altar, uniq_menkaure
D:6:      layout_loops_cross, hangedman_ru_absence, uniq_grinder, uniq_pikel
D:7:      layout_rooms, serial_shops, nicolae_shop_trees,
          nicolae_shop_temple_entry_statues_fountains,
          nicolae_shop_overgrown_old_shop, nicolae_shop_waterfront, shop,
          uniq_joseph
D:8:      layout_loops_ring, gammafunk_ghost_gnarly_gnolls, uniq_grum
D:9:      layout_loops_corners, minmay_orc_entry_temple_small, fedhas_altar_3,
          uniq_erica
D:10:     layout_basic, david_lair_shrubbed, blue_anna_alchemist
          [blue_anna_fruit_fields, blue_anna_fruit_fields], item_on_display_a
D:11:     layout_stronghold
D:12:     layout_roguey, gammafunk_ghost_cemetery, gauntlet_entry_generic,
          nrook_guardian_serpent_double
Temple:   kilobyte_greek_temple
Gauntlet: minmay_gauntlet_mixed_big_or_small [gammafunk_gauntlet_arena_open,
          minmay_gauntlet_arena_77_checkered, gammafunk_gauntlet_arena_crates,
          minmay_gauntlet_arena_77_mirror, nicolae_gauntlet_swirl,
          minmay_gauntlet_arena_77_block_sizes, gauntlet_exit_hidden_loot]

Skill      XL: |  1  2  3  4  5  6  7  8  9 10 11 |
---------------+----------------------------------+-----
Throwing       | 2 3 4 |  4.0
Hexes          | 3 4 |  4.0
Evocations     | 1 2 3 4 5 6 |  6.0
Fighting       | 2 3 4 5 7 |  7.0
Maces & Flails | 1 3 5 8 10 11 | 11.2
Shields        | 1 2 4 |  4.0
Dodging        | 2 4 5 |  5.2
Spellcasting   | |  1.0

Action                   |  1- 3 |  4- 6 |  7- 9 | 10-12 || total
-------------------------+-------+-------+-------+-------++-------
Melee: Dagger            |    37 |       |       |       ||    37
       Trident           |     3 |    50 |       |       ||    53
       Morningstar       |       |     8 |   195 |   165 ||   368
Throw: Stone             |    14 |       |       |       ||    14
       Javelin           |    24 |     9 |    13 |     4 ||    50
       Throwing net      |     2 |       |     1 |       ||     3
       Dart              |       |       |    16 |    50 ||    66
       Boomerang         |       |       |       |     1 ||     1
 Cast: Corona            |    18 |     7 |    39 |    10 ||    74
       Slow              |     1 |       |    16 |     3 ||    20
Invok: Curse Item        |       |       |     5 |       ||     5
 Abil: Evoke Invisibilit |       |       |     1 |     3 ||     4
Evoke: Wand              |       |     1 |    20 |     7 ||    28
  Use: Scroll            |     2 |       |     3 |     2 ||     7
       Potion            |     2 |       |       |     2 ||     4
 Stab: Paralysed         |       |       |    11 |       ||    11
       Invisible         |       |       |     1 |     3 ||     4
  Eat: Chunk             |       |     2 |     7 |     5 ||    14
       Ration            |       |       |       |     1 ||     1
Armor: Robe              |     6 |       |       |       ||     6
       Ring mail         |    24 |    38 |    33 |    36 ||   131
       Leather armour    |       |       |    48 |       ||    48
       Troll leather arm |       |       |       |    23 ||    23
Dodge: Dodged            |    42 |    34 |   101 |    71 ||   248
Block: Buckler           |       |     2 |    40 |    46 ||    88

Table legend:
 A = Non-vault XP
 B = Vault XP
 C = Vault XP percentage of total XP
 D = Non-vault monster count
 E = Vault monster count
 F = Vault count percentage of total count
                 A         B        C        D         E       F
            +---------+---------+-------+---------+---------+-------
      Total |    6733 |    4737 |  41.3 |      99 |      25 |  20.2
            +---------+---------+-------+---------+---------+-------
        D:1 |      12 |       0 |   0.0 |       7 |       0 |   0.0
        D:2 |      32 |       0 |   0.0 |       6 |       0 |   0.0
        D:3 |      14 |       0 |   0.0 |       4 |       0 |   0.0
        D:4 |     224 |       0 |   0.0 |       6 |       0 |   0.0
        D:5 |     791 |     224 |  22.1 |      18 |       4 |  18.2
        D:6 |     261 |       0 |   0.0 |       5 |       0 |   0.0
        D:7 |     531 |     574 |  51.9 |       9 |       2 |  18.2
        D:8 |     588 |     540 |  47.9 |       9 |       4 |  30.8
        D:9 |    2213 |    1034 |  31.8 |      20 |       7 |  25.9
       D:10 |    1130 |     103 |   8.4 |       8 |       1 |  11.1
       D:11 |     551 |       0 |   0.0 |       2 |       0 |   0.0
       D:12 |     386 |       0 |   0.0 |       5 |       0 |   0.0
   Gauntlet |       0 |    2262 | 100.0 |       0 |       7 | 100.0
            +---------+---------+-------+---------+---------+-------
